Map: Dusk Towers

Players

Voltz - Winner!

  • Race: Zerg Zerg
  • League: Grandmaster

Pokebunny

  • Race: Terran Terran
  • League: Grandmaster

VOD

Have the link to the VOD?

Description

Time

  • Played on: April 5, 2016, 9:46 p.m.
  • Length: 13:09
Show
View Real Time Build Order
Export as new Build Order

Voltz Zerg - Winner!

Build Orders: Hatch First 

Get SALT Encoding   

  12  0:00  Drone  
  13  0:12  Overlord  
  13  0:17  Drone  
  14  0:30  Drone  
  14  0:31  Drone  
  14  0:35  Drone  
  17  0:51  Hatchery  
  17  0:54  Drone  
  18  0:57  Drone  
  18  1:09  Extractor  
  17  1:13  Spawning Pool  
  17  1:15  Drone  
  18  1:18  Drone  
  18  1:28  Drone  
  19  1:38  Overlord  
  19  1:49  Drone  
  20  1:59  Queen  
  20  2:00  Zergling x2  
  23  2:03  Zergling x2, Queen  
  26  2:09  Metabolic Boost  
  26  2:11  Drone  
  26  2:15  Drone  
  28  2:21  Drone  
  29  2:26  Drone  
  30  2:39  Queen  
  30  2:44  Overlord  
  32  2:45  Drone  
  32  2:47  Drone x2  
  35  2:55  Hatchery  
  33  3:00  Zergling x4  
  34  3:09  Overlord  
  34  3:12  Pneumatized Carapace  
  34  3:13  Drone  
  34  3:14  Drone x2  
  34  3:19  Drone x2  
  39  3:24  Drone x2  
  39  3:25  Drone  
  42  3:30  Drone  
  43  3:35  Drone x2  
  45  3:43  Drone x3  
  45  3:47  Drone  
  49  3:48  Roach Warren  
  49  3:49  Overlord  
  49  3:50  Drone  
  49  3:54  Overlord  
  49  3:57  Extractor  
  49  3:58  Extractor  
  47  4:03  Drone  
  47  4:06  Overlord  
  47  4:07  Drone x2  
  50  4:10  Queen  
  50  4:13  Lair  
  50  4:15  Drone  
  53  4:18  Drone  
  53  4:19  Drone  
  55  4:25  Drone x5  
  60  4:32  Evolution Chamber  
  60  4:34  Evolution Chamber  
  60  4:35  Drone x3  
  61  4:40  Extractor  
  61  4:42  Drone x2  
  62  4:45  Drone  
  63  4:56  Drone  
  63  4:57  Drone x2  
  63  4:58  Drone x2  
  68  5:01  Zerg Ground Armor Level 1  
  68  5:02  Drone  
  68  5:05  Drone  
  70  5:08  Drone  
  70  5:13  Drone  
  72  5:16  Glial Reconstitution  
  72  5:17  Overlord, Infestation Pit  
  72  5:18  Extractor  
  71  5:22  Roach x3  
  71  5:25  Roach x2  
  81  5:29  Overlord  
  81  5:30  Spine Crawler x2, Overlord  
  81  5:32  Spine Crawler, Roach  
  82  5:35  Roach  
  82  5:36  Roach  
  82  5:37  Roach  
  82  5:39  Roach  
  88  5:43  Roach  
  88  5:48  Roach  
  88  5:49  Ravager x3  
  95  5:51  Roach  
  95  5:53  Overlord x3  
  86  6:05  Roach x3  
  90  6:15  Drone x3, Infestation Pit  
  90  6:17  Zerg Melee Weapons Level 1  
  92  6:22  Zergling x2  
  93  6:26  Drone  
  93  6:27  Drone x2  
  93  6:28  Roach x5  
  93  6:29  Extractor  
  103  6:42  Drone x3  
  103  6:44  Drone, Overlord  
  103  6:45  Roach x2  
  103  6:47  Roach x3  
  115  6:51  Drone  
  118  6:55  Roach  
  118  6:56  Zerg Ground Armor Level 2  
  118  6:59  Overlord x2  
  120  7:01  Hive  
  120  7:05  Roach x4  
  128  7:12  Roach  
  128  7:15  Overlord x5  
  130  7:22  Hatchery  
  129  7:29  Infestor x2  
  133  7:31  Overlord  
  133  7:33  Infestor  
  135  7:38  Zergling x12  
  135  7:42  Drone x2  
  143  7:50  Roach x4  
  151  7:54  Roach x4  
  159  8:00  Queen  
  159  8:05  Overlord  
  161  8:06  Roach x2  
  165  8:19  Roach x5  
  175  8:23  Roach, Extractor  
  175  8:24  Roach x2  
  175  8:26  Extractor  
  175  8:31  Adrenal Glands  
  173  8:34  Ultralisk Cavern  
  173  8:36  Ravager  
  173  8:37  Ravager  
  173  8:40  Ravager  
  171  8:42  Drone x3  
  171  8:43  Drone x3  
  171  8:45  Drone x4, Queen  
  179  9:05  Zerg Melee Weapons Level 2  
  179  9:06  Drone x3  
  179  9:07  Drone x5  
  187  9:15  Spore Crawler  
  187  9:16  Spine Crawler, Spore Crawler x2  
  183  9:19  Drone x3  
  183  9:23  Chitinous Plating  
  186  9:28  Queen  
  188  9:32  Ultralisk x2  
  200  9:50  Nydus Network  
  199  10:08  Hatchery  
  199  10:12  Spire  
  197  10:18  Extractor  
  197  10:19  Zerg Ground Armor Level 3  
  196  10:22  Extractor  
  191  10:37  Ultralisk x2  
  189  11:07  Spore Crawler x3  
  189  11:08  Spine Crawler  
  189  11:09  Spine Crawler  
  158  11:13  Zergling x44  
  158  11:14  Zergling x6, Overlord x3  
  158  11:15  Overseer  
  181  11:19  Nydus Canal  
  181  11:23  Ultralisk  
  181  11:24  Ultralisk x2  
  197  11:32  Drone x3  
  200  11:33  Nydus Canal  
  196  11:53  Nydus Canal  
  168  11:54  Corruptor x6  
  168  11:55  Corruptor x6  
  168  11:56  Corruptor  
  168  11:59  Drone x3  
  177  12:17  Nydus Canal  
  177  12:19  Zergling x22  
  188  12:27  Ultralisk  
  193  12:40  Hatchery  
  192  12:44  Nydus Canal  
  195  13:04  Extractor  
  194  13:08  Extractor  
Show
View Real Time Build Order
Export as new Build Order

Pokebunny Terran 

Build Orders: Reaper Expand, MMM Bio 

Get SALT Encoding   

  12  0:01  SCV  
  13  0:13  SCV  
  14  0:17  Supply Depot  
  14  0:25  SCV  
  15  0:39  SCV  
  15  0:40  Barracks  
  16  0:44  Refinery  
  16  0:51  SCV  
  17  1:03  SCV  
  18  1:15  SCV  
  19  1:27  Orbital Command  
  19  1:30  Reaper  
  20  1:39  Command Center  
  20  1:53  SCV  
  21  2:02  Reaper  
  21  2:05  SCV  
  23  2:16  Supply Depot  
  23  2:21  Command Center  
  23  2:37  SCV  
  23  2:42  Barracks Reactor  
  23  2:43  Barracks  
  23  2:45  Barracks, Refinery  
  23  2:49  SCV  
  24  2:54  Orbital Command  
  24  3:07  SCV  
  25  3:19  SCV  
  26  3:20  Marine x2, Factory  
  26  3:22  SCV  
  29  3:34  Barracks Tech Lab  
  30  3:35  Barracks Reactor, Orbital Command  
  28  3:42  Marine x2  
  28  3:44  SCV x2  
  32  3:54  Marine, Stimpack  
  33  3:56  SCV  
  33  3:57  SCV  
  35  4:03  SCV  
  35  4:06  Starport  
  35  4:07  Factory Reactor  
  35  4:09  SCV x2  
  38  4:10  Marine  
  38  4:11  Marine x2  
  38  4:12  Marine  
  38  4:13  Marine  
  43  4:22  SCV x3  
  43  4:23  Supply Depot  
  46  4:27  Refinery  
  46  4:29  Marine  
  46  4:30  Marine x2  
  46  4:31  Refinery  
  49  4:32  Marine  
  49  4:33  Marine  
  49  4:38  SCV x3  
  54  4:49  Medivac  
  54  4:50  Medivac  
  54  4:51  Marine x2, Supply Depot  
  54  4:52  Marine  
  61  4:53  Marine  
  62  5:02  Engineering Bay  
  62  5:03  Marine  
  62  5:04  SCV  
  62  5:05  Engineering Bay, SCV  
  65  5:07  SCV  
  65  5:14  Marine x4  
  66  5:19  Factory Tech Lab  
  66  5:21  Marine  
  70  5:22  Supply Depot  
  70  5:25  SCV x2  
  70  5:27  Supply Depot  
  74  5:33  Marine x3  
  74  5:34  Marine  
  77  5:38  Terran Infantry Armor Level 1, Terran Infantry Weapons Level 1  
  77  5:43  Siege Tank  
  77  5:45  Supply Depot  
  80  5:52  Orbital Command  
  71  6:07  Marine x4  
  71  6:08  Marine  
  71  6:10  Medivac x2  
  78  6:11  SCV  
  78  6:12  SCV  
  83  6:18  Siege Tank  
  83  6:22  Supply Depot, SCV  
  84  6:25  Combat Shields  
  84  6:26  Barracks  
  84  6:27  Barracks  
  84  6:28  Marine x2  
  84  6:29  Marine x3  
  89  6:34  Supply Depot  
  89  6:45  SCV x2  
  89  6:46  Marine x4, SCV  
  95  6:50  Siege Tank  
  95  6:53  Supply Depot  
  99  6:56  Armory  
  99  7:00  Supply Depot  
  99  7:11  Marine x4, Marauder  
  99  7:15  SCV x2  
  103  7:16  Medivac x2, SCV  
  103  7:22  Supply Depot  
  109  7:23  Siege Tank, Supply Depot x2  
  109  7:25  Barracks Reactor x2  
  109  7:29  SCV x2  
  114  7:30  SCV  
  114  7:31  Marine x2  
  114  7:32  Marine x3  
  120  7:38  Refinery  
  120  7:41  SCV  
  120  7:42  SCV x2  
  120  7:43  Terran Infantry Weapons Level 2  
  123  7:44  Terran Infantry Armor Level 2  
  121  7:53  Medivac  
  121  7:56  Siege Tank  
  126  8:03  Supply Depot  
  126  8:04  Supply Depot  
  126  8:05  Marine, Supply Depot  
  126  8:06  Marine x7, Marauder  
  128  8:32  Marine  
  128  8:33  Marine x7, Marauder  
  130  8:42  Siege Tank  
  130  8:44  Medivac x2  
  122  9:02  Marine x5, Marauder  
  120  9:09  SCV x2  
  125  9:10  Barracks, SCV  
  125  9:11  Barracks  
  125  9:13  Barracks  
  125  9:14  Command Center, Marine x3  
  129  9:23  Marauder  
  131  9:30  Marine  
  131  9:31  Marine x2  
  130  9:36  Siege Tank, Marine x3  
  130  9:37  Marine  
  142  9:41  Medivac x2  
  142  9:45  Marauder  
  143  9:57  Marine x3  
  143  9:58  Marine  
  143  9:59  Barracks Tech Lab x2  
  147  10:00  Barracks Reactor  
  147  10:04  Terran Infantry Weapons Level 3, Starport  
  147  10:05  Fusion Core  
  147  10:06  Terran Infantry Armor Level 3  
  147  10:12  SCV  
  147  10:13  Refinery, SCV  
  149  10:19  Supply Depot  
  149  10:24  Liberator x2  
  148  10:31  Marine  
  148  10:32  Marine x5, Marauder x2  
  148  10:33  Marine, Marauder  
  156  10:48  Orbital Command  
  146  10:50  Marine x4  
  146  10:54  Marine x3, Marauder  
  150  11:01  SCV  
  150  11:02  SCV  
  144  11:09  Liberator, Starport Tech Lab  
  139  11:46  Marine x2  
  141  11:47  Marauder  
  131  11:57  SCV x3  
  133  12:07  Planetary Fortress  
  127  12:23  SCV  
  127  12:24  SCV x2  
  129  12:35  SCV  
  130  12:39  Medivac x2  
  130  12:40  SCV x2  
  139  12:48  SCV  
  140  12:52  SCV  
Tags
 
Add a new tag
Caveats
  • Supply blocks, unpowered buildings, or Contaminate may cause inaccurate times.
  • Supply counts are checked every 10 seconds.